 Dungeon Crawl Stone Soup version 0.26.0-11-g8f856b5395 (webtiles) character file.

Game seed: 16736778250377438232

89 Gabide the Sneak (level 4, -5/33 HPs)
             Began as a Human Brigand on Jan 15, 2021.
             Killed from afar by an orc wizard (9 damage)
             ... with a puff of flame
             ... on level 3 of the Dungeon.
             The game lasted 00:03:40 (2299 turns).

Gabide the Sneak (Human Brigand)                    Turns: 2299, Time: 00:03:40

Health: -5/33      AC:  3    Str: 11    XL:     4   Next: 84%
Magic:  4/4        EV: 12    Int: 11    God:
Gold:   88         SH:  0    Dex: 16    Spells: 3/3 levels left

rFire    . . .     SeeInvis .   a - +3 dagger
rCold    . . .     Faith    .   (no shield)
rNeg     . . .     Spirit   .   b - +0 robe
rPois    .         Reflect  .   (no helmet)
rElec    .         Harm     .   c - +0 cloak
rCorr    .         Rampage  .   (no gloves)
Will     .....                  (no boots)
Stlth    +++.......             (no amulet)
HPRegen  0.11/turn              (no ring)
MPRegen  0.09/turn              (no ring)

@: no status effects
A: no striking features
a: no special abilities


You were on level 3 of the Dungeon.
You visited 1 branch of the dungeon, and saw 3 of its levels.

You collected 88 gold pieces.

Inventory:

Hand Weapons
 a - a +3 dagger (weapon)
Missiles
 d - 25 poisoned darts (quivered)
 e - 2 curare-tipped darts
Armour
 b - a +0 robe (worn)
 c - a +0 cloak (worn)
Jewellery
 h - a cursed ring of teleportation {unknown}
 n - a cursed amulet of inaccuracy {unknown}
Scrolls
 g - a scroll of fog
 i - a scroll of remove curse
 m - a scroll of teleportation
 q - a scroll of identify {unknown}
Potions
 f - 2 potions of mutation {unknown}
 j - 2 potions of flight {unknown}
 k - 2 potions of heal wounds {unknown}
 l - 2 potions of curing {unknown}
 p - 2 potions of berserk rage {unknown}


   Skills:
 + Level 2.3 Fighting
 * Level 3.2 Short Blades
 + Level 2.1 Throwing
 * Level 1.6 Dodging
 + Level 4.9 Stealth


You had 3 spell levels left.
You didn't know any spells.
Your spell library was empty.

Dungeon Overview and Level Annotations

Branches:
Dungeon (3/15)

Altars:
Ashenzari
Kikubaaqudgha
Nemelex Xobeh
Qazlal
Uskayaw
Vehumet
Xom
Zin


Message History

Press: ? - help, Q - select action, (/) - cycle Shift-Dir - straight line, f - orc wizard
Aim: an orc wizard, wielding a +0 dagger and wearing a +0 robe (heavily wounded, fast, chance to blind on hit: 87%)
You throw an atropa-tipped dart.
The atropa-tipped dart barely misses the orc wizard.
The orc wizard miscasts a cantrip.
Throw: dart (atropa)
Press: ? - help, Q - select action, (/) - cycle Shift-Dir - straight line, f/p - orc wizard
Aim: an orc wizard, wielding a +0 dagger and wearing a +0 robe (heavily wounded, fast, chance to blind on hit: 87%)
You throw an atropa-tipped dart.
The atropa-tipped dart barely misses the orc wizard.
The orc wizard barely misses you.
Throw: 26 darts (poison)
Press: ? - help, Q - select action, (/) - cycle Shift-Dir - straight line, f/p - orc wizard
Aim: an orc wizard, wielding a +0 dagger and wearing a +0 robe (heavily wounded, fast)
You throw a poisoned dart. The poisoned dart hits the orc wizard.
The orc wizard is poisoned.
The orc wizard is heavily wounded.
The orc wizard gestures at you while chanting.
The puff of flame hits you!
You die...

l..⌠.._..#.# .
.........#(# .#
.........#.# ..#
g..g.....#.###..#.
#..#........
#..#.....#
#..#.....# #..#o#
##.#@# #.#.# #...#
#...# #...# #.#.##
#.#..# #.#..##.#
#.#..##.# #######


You could see an orc wizard (fast, poisoned).

Vanquished Creatures
  An orc priest (D:3)
  An ooze (D:1)
  2 dart slugs
  2 orcs (D:3)
  4 bats
  A bat zombie (D:1)
  2 giant cockroaches
  8 goblins
  5 hobgoblins
  2 jackals (D:2)
  3 quokkas
  A ball python (D:1)
  A ball python zombie (D:1)
  3 frilled lizards
  6 kobolds
  5 rats
47 creatures vanquished.

Notes
Turn   | Place    | Note
-------+----------+-------------------------------------------
     0 | D:1      | Gabide the Human Brigand began the quest for the Orb.
     0 | D:1      | Reached XP level 1. HP: 16/16 MP: 1/1
   121 | D:1      | Reached XP level 2. HP: 19/22 MP: 2/2
   427 | D:1      | Reached XP level 3. HP: 27/27 MP: 3/3
  1730 | D:2      | Found a sparkling altar of Nemelex Xobeh.
  1819 | D:2      | Reached XP level 4. HP: 33/33 MP: 4/4
  1842 | D:2      | Found a radiant altar of Vehumet.
  1842 | D:2      | Found an ancient bone altar of Kikubaaqudgha.
  2257 | D:3      | Found a glowing silver altar of Zin.
  2259 | D:3      | Found a hide-covered altar of Uskayaw.
  2259 | D:3      | Found a stormy altar of Qazlal.
  2260 | D:3      | Found a shimmering altar of Xom.
  2260 | D:3      | Found a broken altar of Ashenzari.
  2299 | D:3      | Killed from afar by an orc wizard

Illustrated notes

Levels and vault maps discovered:
D:1:      saegor_arrival_fortress, layout_basic, minmay_cupped
D:2:      layout_loops_cross, gammafunk_temple_overflow_wave,
          general_overflow_altar
D:3:      layout_basic, grunt_temple_overflow_open,
          chequers_ecumenical_altar_simple_redux, uniq_robin, uniq_sigmund

Skill      XL: |  1  2  3  4 |
---------------+-------------+-----
Short Blades   | 3 |  3.2
Fighting       | |  2.3
Throwing       | |  2.1
Dodging        | |  1.6
Stealth        | |  4.9

Action                   |  1- 3 |  4- 6 || total
-------------------------+-------+-------++-------
Melee: Dagger            |   101 |    38 ||   139
Throw: Dart              |       |     8 ||     8
  Use: Scroll            |     5 |       ||     5
 Stab: Sleeping          |    11 |     2 ||    13
Armor: Robe              |    29 |     3 ||    32
Dodge: Dodged            |    65 |    22 ||    87
